 Dungeon Crawl Stone Soup version 0.28-a0-1374-ga75cb3825e (webtiles) character file.

Game seed: 5973959970560356032

537 Clumpoid the Protected (level 7, 0/46 HPs)
             Began as a Gnoll Wanderer on Dec 31, 2021.
             Was an Initiate of Cheibriados.
             Slain by an ogre (24 damage)
             ... on level 5 of the Dungeon.
             The game lasted 00:03:03 (4170 turns).

Clumpoid the Protected (Gnoll Wanderer)             Turns: 4170, Time: 00:03:04

Health: 0/46       AC: 15    Str: 18    XL:     7   Next: 25%
Magic:  13/13      EV:  8    Int: 12    God:    Cheibriados [......]
Gold:   256        SH:  0    Dex: 11    Spells: 13/13 levels left

rFire   . . .      SeeInvis +   o - +1 war axe (freeze)
rCold   . . .      Faith    .   (no shield)
rNeg    . . .      Spirit   .   b - +0 chain mail
rPois   .          Reflect  .   (no helmet)
rElec   .          Harm     .   (no cloak)
rCorr   .          Rampage  .   p - +2 pair of gloves
Will    .....                   (no boots)
Stlth   ..........              (no amulet)
HPRegen 0.15/turn               f - ring of see invisible
MPRegen 0.13/turn               (no ring)

@: very slow
A: fangs 1, strong nose, distributed training, thin skeletal structure 1, frail
1, high mp 1, MP-powered wands
a: Renounce Religion


You were on level 5 of the Dungeon.
You worshipped Cheibriados.
Cheibriados was noncommittal.
You visited 2 branches of the dungeon, and saw 6 of its levels.

You collected 256 gold pieces.

Inventory:

Hand Weapons
 a - a +1 hand axe
 o - a +1 war axe of freezing (weapon)
Missiles
 h - 55 arrows
 i - 62 bolts
 j - 33 stones (quivered)
 m - 42 sling bullets
 n - 5 boomerangs of dispersal
 q - 2 boomerangs
Armour
 b - a +0 chain mail (worn)
 p - a +2 pair of gloves (worn)
Jewellery
 f - a ring of see invisible (left hand)
 k - a ring of flight
Scrolls
 e - a scroll of enchant weapon
 g - a scroll of immolation
 r - a scroll of magic mapping
 u - a scroll of silence {unknown}
 v - a scroll of teleportation
Potions
 c - a potion of attraction
 d - a potion of heal wounds
 l - 2 potions of cancellation
 s - 2 potions of degeneration {unknown}
 t - a potion of lignification {unknown}
 w - a potion of haste {unknown}


   Skills:
 + Level 3.5 Fighting
 + Level 2.3 Short Blades
 + Level 2.3 Long Blades
 + Level 3.5 Axes
 + Level 2.3 Maces & Flails
 + Level 2.3 Polearms
 + Level 2.3 Staves
 + Level 2.3 Slings
 + Level 2.3 Bows
 + Level 2.3 Crossbows
 + Level 2.3 Throwing
 + Level 10.7 Armour
 + Level 2.3 Dodging
 + Level 3.4 Stealth
 + Level 2.3 Shields
 + Level 2.3 Unarmed Combat
 + Level 3.7 Spellcasting
 + Level 1.9 Conjurations
 + Level 1.9 Hexes
 + Level 1.9 Summonings
 + Level 1.9 Necromancy
 + Level 1.9 Translocations
 + Level 1.9 Transmutations
 + Level 1.9 Fire Magic
 + Level 1.9 Ice Magic
 + Level 1.9 Air Magic
 + Level 1.9 Earth Magic
 + Level 1.9 Poison Magic
 + Level 3.7 Invocations
 + Level 2.3 Evocations


You had 13 spell levels left.
You didn't know any spells.
Your spell library contained the following spells:

 Spells                   Type           Power      Damage    Failure   Level
 Gell's Gravitas          Tloc           6%         N/A       94%         3
 Teleport Other           Tloc           6%         N/A       94%         3
 Dispersal                Tloc           3%         N/A       100%        6


Dungeon Overview and Level Annotations

Branches:
Dungeon (5/15)             Temple (1/1) D:4

Altars:
Cheibriados
Nemelex Xobeh
Okawaru
Ru

Shops:
D:1 (


Innate Abilities, Weirdness & Mutations

You have very sharp teeth.
Your uncanny sense of smell can sniff out nearby items.
Your experience applies equally to all skills.
You have a somewhat thin skeletal structure. (Dex +2, Stealth+)
You are frail. (-10% HP)
You have an increased reservoir of magic. (+10% MP)
You expend magic power (3 MP) to strengthen your wands.


Message History

The adder bites you.
An adder is nearby!
You hit the adder. You freeze the adder.
The adder is moderately wounded.
The adder bites you but does no damage.
You completely miss the adder.
The adder is moderately wounded.
The adder closely misses you. The adder bites you but does no damage.
You closely miss the adder.
The adder is moderately wounded.
The adder closely misses you. The adder bites you but does no damage.
You miss the adder.
The adder is moderately wounded.
The adder bites you but does no damage.
You closely miss the adder.
The adder is moderately wounded.
The adder bites you but does no damage. x2
You miss the adder. You bite the adder.
The adder is heavily wounded.
The adder closely misses you. The adder bites you but does no damage.
You slash the adder! You freeze the adder.
You kill the adder!
Cheibriados thoroughly appreciates the change of pace.
No target in view!
You now have 256 gold pieces (gained 10).
You open the door.
There is an open door here.
You open the door.
Found a hand axe.
There is an open door here.
Found a stone staircase leading up.
No target in view!
m - 42 sling bullets (gained 23)
An ogre comes into view. It is wielding a +0 giant club.
Found a trident.
An ogre is nearby!
An ogre is nearby!
The ogre hits you with a +0 giant club!! x2
Ouch! That really hurt!
You die...

###+###'##...
##...##..##...
#.............
#.............
#.............
##+########+#####'#####
#......................
#......................
#....O@................
+......................
#............).........
#........<.............
..)..####+#.....#####...
..... #.....# #... ....
∆ #.....# #... ....
#.....# +..> #.....#
#...


You could see an ogre.

Vanquished Creatures
  An ice beast (D:5)
  A scorpion (D:4)
  A wyvern skeleton (D:4)
  An orc priest (D:3)
  3 hounds
  2 iguanas
  2 orc wizards
  4 adders
  An ufetubus (D:4)
  3 worms
  5 dart slugs (D:2)
  8 orcs
  6 ball pythons
  2 bats (D:3)
  7 endoplasms
  A giant cockroach (D:2)
  A goblin (D:2)
  2 hobgoblins
  2 jackals (D:2)
  3 kobolds
  3 quokkas
  2 frilled lizards
  4 rats
65 creatures vanquished.

Vanquished Creatures (others)
  2 plants (D:1)
2 creatures vanquished.

Grand Total: 67 creatures vanquished

Notes
Turn   | Place    | Note
-------+----------+-------------------------------------------
     0 | D:1      | Reached skill level 10 in Armour
     0 | D:1      | Clumpoid the Gnoll Wanderer began the quest for the Orb.
     0 | D:1      | Clumpoid set off with the following items: a +0 hand axe, a
                  | +0 chain mail, a potion of attraction
     0 | D:1      | Reached XP level 1. HP: 17/17 MP: 4/4
   279 | D:1      | Found Qadum's Antique Weapon Emporium.
   523 | D:1      | Gained mutation: You have a somewhat thin skeletal
                  | structure. (Dex +2, Stealth+) [potion of mutation]
   523 | D:1      | Gained mutation: You are frail. (-10% HP) [potion of
                  | mutation]
   523 | D:1      | Gained mutation: You expend magic power (3 MP) to
                  | strengthen your wands. [potion of mutation]
   523 | D:1      | Gained mutation: You have an increased reservoir of magic.
                  | (+10% MP) [potion of mutation]
   618 | D:2      | Found a faded altar of an unknown god.
   654 | D:2      | Reached XP level 2. HP: 20/20 MP: 6/6
  1071 | D:2      | Reached XP level 3. HP: 25/25 MP: 7/7
  1623 | D:3      | Reached skill level 1 in Short Blades
  1623 | D:3      | Reached skill level 1 in Long Blades
  1623 | D:3      | Reached skill level 1 in Maces & Flails
  1623 | D:3      | Reached skill level 1 in Polearms
  1623 | D:3      | Reached skill level 1 in Staves
  1623 | D:3      | Reached skill level 1 in Slings
  1623 | D:3      | Reached skill level 1 in Bows
  1623 | D:3      | Reached skill level 1 in Crossbows
  1623 | D:3      | Reached skill level 1 in Throwing
  1623 | D:3      | Reached skill level 1 in Dodging
  1623 | D:3      | Reached skill level 1 in Shields
  1623 | D:3      | Reached skill level 1 in Unarmed Combat
  1623 | D:3      | Reached skill level 1 in Evocations
  1623 | D:3      | Reached XP level 4. HP: 24/30 MP: 9/9
  1632 | D:3      | Reached skill level 1 in Conjurations
  1632 | D:3      | Reached skill level 1 in Hexes
  1632 | D:3      | Reached skill level 1 in Summonings
  1632 | D:3      | Reached skill level 1 in Necromancy
  1632 | D:3      | Reached skill level 1 in Translocations
  1632 | D:3      | Reached skill level 1 in Transmutations
  1632 | D:3      | Reached skill level 1 in Fire Magic
  1632 | D:3      | Reached skill level 1 in Ice Magic
  1632 | D:3      | Reached skill level 1 in Air Magic
  1632 | D:3      | Reached skill level 1 in Earth Magic
  1632 | D:3      | Reached skill level 1 in Poison Magic
  1917 | D:3      | Reached XP level 5. HP: 34/36 MP: 10/10
  2177 | D:3      | Found a sacrificial altar of Ru.
  2779 | D:4      | Reached XP level 6. HP: 21/42 MP: 10/12
  3177 | D:4      | Found a staircase to the Ecumenical Temple.
  3236 | Temple   | Entered the Ecumenical Temple
  3260 | Temple   | Became a worshipper of Cheibriados the Contemplative
  3801 | D:5      | Entered Level 5 of the Dungeon
  4020 | D:5      | Reached XP level 7. HP: 46/46 MP: 13/13
  4170 | D:5      | Slain by an ogre

Illustrated notes

Levels and vault maps discovered:
D:1:      dpeg_arrival_rhombus, layout_rooms, serial_shops,
          nicolae_shop_overgrown_old_shop
D:2:      layout_basic, hellmonk_ecumenical_altar_pennies_from_heaven,
          nicolae_wormholes
D:3:      layout_loops_ring, mainiacjoe_overflow_catwalk
D:4:      layout_loops_ring, minmay_temple_entry_fiery
D:5:      layout_gridville, minmay_misc_feat_hallway,
          chequers_serial_rivers_micro_d
Temple:   mainiacjoe_temple_circle_huts

Skill      XL: |  1  2  3  4  5  6 |
---------------+-------------------+-----
Armour         | | 10.7
Short Blades   | 1 2 |  2.3
Long Blades    | 1 2 |  2.3
Maces & Flails | 1 2 |  2.3
Polearms       | 1 2 |  2.3
Staves         | 1 2 |  2.3
Slings         | 1 2 |  2.3
Bows           | 1 2 |  2.3
Crossbows      | 1 2 |  2.3
Throwing       | 1 2 |  2.3
Dodging        | 1 2 |  2.3
Shields        | 1 2 |  2.3
Unarmed Combat | 1 2 |  2.3
Spellcasting   | 3 |  3.7
Evocations     | 1 2 |  2.3
Conjurations   | 1 |  1.9
Hexes          | 1 |  1.9
Summonings     | 1 |  1.9
Necromancy     | 1 |  1.9
Translocations | 1 |  1.9
Transmutations | 1 |  1.9
Fire Magic     | 1 |  1.9
Ice Magic      | 1 |  1.9
Air Magic      | 1 |  1.9
Earth Magic    | 1 |  1.9
Poison Magic   | 1 |  1.9
Invocations    | 3 |  3.7
Fighting       | 3 |  3.5
Axes           | 3 |  3.5
Stealth        | 3 |  3.4

Action                   |  1- 3 |  4- 6 |  7- 9 || total
-------------------------+-------+-------+-------++-------
Melee: Hand axe          |    57 |       |       ||    57
       Bite              |     6 |     5 |     4 ||    15
       War axe           |    23 |   106 |    24 ||   153
  Use: Scroll            |     5 |     2 |       ||     7
       Potion            |     2 |     3 |       ||     5
Armor: Chain mail        |    67 |    82 |    21 ||   170
Dodge: Dodged            |    44 |    57 |    10 ||   111

Table legend: (Time is in decaauts)
 A = Elapsed time spent in this place.
 B = Non-inter-level travel time spent in this place.
 C = Inter-level travel time spent in this place.
 D = Time resting spent in this place.
 E = Time spent auto-exploring this place.
 F = Levels seen in this place.
 G = Mean time per level.
                   A        B        C        D        E       F      G
               +--------+--------+--------+--------+--------+-----+--------+
         Total |   4395 |   4211 |    184 |   1007 |   2636 |   6 |  732.5 |
       Dungeon |   4355 |   4197 |    158 |   1007 |   2626 |   5 |  871.0 |
        Temple |     39 |     13 |     26 |      0 |     10 |   1 |   39.0 |
               +--------+--------+--------+--------+--------+-----+--------+

Top non-repeatable levels by time:
     D:4: 1320 daAuts
     D:3: 1054 daAuts
     D:2: 964 daAuts
     D:1: 561 daAuts
     D:5: 453 daAuts
  Temple: 39 daAuts
